cohdb
Replays
Latest Replays
All Replays
Popular Replays
Top Player Replays
Match Explorer
How It Works
Community
CoH3 Stats
Reddit
Sign in to upload your games and track your stats! →
Sign in with Steam
Match 39674986
Unlisted
Match 39674986
Overview
Messages
Build Orders
End
Construct Section Command Post
Vickers Machine Gun Team
Dingo Light Scout Car
Infantry Section
Infantry Section
Infantry Section
Construct Platoon Command Post
Humber Armored Car
Royal Engineer Section
Unlock Bishop Self-propelled Artillery
Infantry Training
Selects Canadian Shock Battlegroup
Selects Attacking Spirit
Selects Canadian Shock Section
Bishop Self-propelled Artillery
Canadian Shock Section
Kanade
罐头鸟巢
Valkyrie_Tone
???
Obersol
优势
cћk247
XXxxxGxxxXX
0
0
Comments
sign in to comment!
No comments posted yet!